 Dungeon Crawl Stone Soup version 0.31-a0-96-g196d5507e3 (webtiles) character file.

Game seed: 10034278841121059226

1017 Colgate the Thaumaturge (level 8, -2/70 HPs)
             Began as a Meteoran Necromancer on May 26, 2023.
             Shot with a bolt by an orc (6 damage)
             ... in a bailey.
             The game lasted 00:30:40 (1786 turns).

Colgate the Thaumaturge (Meteoran Necromancer)      Turns: 1786, Time: 00:30:41

Health: -2/70      AC:  5    Str:  9    XL:     8   Next: 74%
Magic:  31/31      EV: 12    Int: 18    God:
Gold:   62         SH:  0    Dex: 16    Spells: 17/25 levels left

rFire   . . .        b - +0 arbalest
rCold   . . .        (shield currently unavailable)
rNeg    . . .        C - +0 steam dragon scales
rPois   .            (no helmet)
rElec   .            (no cloak)
rCorr   .            (no gloves)
SInv    .            (no boots)
Will    +....        (no amulet)
Stlth   +            g - ring of magical power
HPRegen 0.31/turn    (no ring)
MPRegen 0.22/turn

%: no passive effects
@: animating dead, glowing
A: sense surroundings 1, otherworldly, glowing, explore regen
a: no special abilities


You were in a bailey.
You visited 1 branch of the dungeon, and saw 8 of its levels.
You also visited: Sewer and Bailey.

You collected 144 gold pieces.
You spent 82 gold pieces at shops.

Inventory:

Hand Weapons
 a - a +1 halberd
 b - a +0 arbalest (weapon)
 h - a +0 whip
 p - a +0 long sword
 y - a +0 heavy falchion
 A - a +0 shortbow
 G - a +0 trident
Armour
 f - a +0 tower shield
 n - a +0 robe
 C - +0 steam dragon scales (worn)
Jewellery
 g - a ring of magical power (left hand)
Wands
 s - a wand of paralysis (9)
 F - a wand of iceblast (13) {@v2}
Scrolls
 c - 2 scrolls of vulnerability
 d - a scroll of teleportation {@r3}
 k - a scroll of amnesia
 m - a scroll of fear {unknown}
 q - a scroll of brand weapon {unknown}
 r - 2 scrolls of magic mapping {unknown}
 v - 2 scrolls of poison
 B - a scroll of acquirement {unknown}
 D - a scroll of enchant armour {unknown}
 E - a scroll of blinking {@r4}
Potions
 e - 2 potions of resistance {unknown}
 i - 2 potions of might {unknown}
 j - a potion of magic
 l - 4 potions of curing {@q1}
 o - 2 potions of degeneration {unknown}
 t - 2 potions of cancellation {unknown}
 u - a potion of lignification {unknown}
 w - a potion of mutation {unknown}
 x - 2 potions of heal wounds {unknown}
 z - a potion of haste {@q4}


   Skills:
 - Level 5.7 Fighting
 - Level 2.4 Dodging
 - Level 1.4 Stealth
 + Level 9.0 Spellcasting
 - Level 5.0 Necromancy


You had 17 spell levels left.
You knew the following spells:

 Your Spells              Type           Power      Damage    Failure   Level
a - Necrotise             Necr           100%       1d9       1%          1
b - Vampiric Draining     Necr           26%        2d7       3%          3
c - Animate Dead          Necr           26%        N/A       11%         4

Your spell library contained the following spells:

 Spells                   Type           Power      Damage    Failure   Level
 Agony                    Necr           26%        N/A       30%         5


Dungeon Overview and Level Annotations

Branches:
Dungeon (8/15) Zot: 3296    Sewer (visited)          Bailey (1/1) Zot: 547
 Temple: D:4-7         Lair: D:8-11

Altars:

Shops:
D:4 [   D:7 *

Annotations:
D:6 3 runed translucent doors, nujazz's ghost, novice HOFi
D:8 Amaemon; Psyche


Innate Abilities, Weirdness & Mutations

You passively map a small area around you.
You are easily found by Zot.
You glow in the dark.
You regain HP and MP as you explore.


Message History

The orc warrior wields a +0 arbalest.
The orc warrior shoots a bolt.
The bolt closely misses you.
The orc shoots a bolt.
The bolt closely misses you.
Fire: b) +0 arbalest
Aim: an orc warrior, wielding a +0 arbalest and wearing a +0 ring mail (lightly wounded, 47% to hit)
You shoot a bolt. The bolt hits the orc warrior.
The orc shoots a bolt.
The bolt barely misses you.
The orc warrior shoots a bolt.
The bolt hits you!!
The orc shoots a bolt.
The bolt barely misses you.
The orc warrior shoots a bolt.
The bolt barely misses you.
Casting: Necrotise (safe; 1% risk of failure)
You call upon the dead to rise.
The orc warrior shoots a bolt.
The bolt barely misses you.
Casting: Animate Dead (dangerous; 11% risk of failure)
Aiming: Necrotise (safe; 1% risk of failure)
Aim: an orc warrior, wielding a +0 arbalest and wearing a +0 ring mail (moderately wounded, chance to affect: 83%)
The orc writhes in agony!
You kill the orc!
The dead are walking!
The orc warrior shoots a bolt.
The bolt completely misses you.
The orc shoots a bolt.
The bolt barely misses your orc zombie. The bolt hits you!
Fire: b) +0 arbalest
Aim: an orc warrior, wielding a +0 arbalest and wearing a +0 ring mail (moderately wounded, ally target, 47% to hit)
You shoot a bolt. The bolt barely misses the orc warrior.
The orc warrior shoots a bolt.
The bolt hits you!
* * * LOW HITPOINT WARNING * * *
The orc shoots a bolt.
The bolt hits your orc zombie.
The orc shoots a bolt.
The bolt hits your orc zombie.
The orc warrior unwields a +0 arbalest.
The orc warrior barely misses your orc zombie.
The orc shoots a bolt.
The bolt hits your orc zombie!
Your orc zombie is destroyed!
The orc warrior wields a +0 arbalest.
The orc warrior shoots a bolt.
The bolt hits you!
* * * LOW HITPOINT WARNING * * *
Fire: b) +0 arbalest
Aim: an orc warrior, wielding a +0 arbalest and wearing a +0 ring mail (moderately wounded, 47% to hit)
You shoot a bolt.
The bolt hits the orc warrior but does no damage.
The orc shoots a bolt.
The bolt hits you.
You die...

...## * * ....# ,* ,
...... , ....## *
##..... , , , * .....##
,##...... ,
≈≈≈...####*####...≈≈≈ ≈
##≈......###......≈# .#
∩#≈...............≈#o.##
, ,,
..[................)o..#
##≈.............@.≈##, *
#≈≈...............≈≈#
≈≈.................≈≈≈≈≈
........................
,
........................
........................
,
........................
########################


You could see an orc warrior and an orc.

Vanquished Creatures
  2 steam dragons
  2 black bears
  2 centaurs
  A kobold brigand (D:5)
  A scorpion (D:4)
  A howler monkey (D:7)
  A gnoll bouda (D:5)
  Ijyb (D:3)
  2 orc wizards (D:5)
  3 gnolls (D:5)
  5 adders
  A shadow imp (D:7)
  A white imp (D:6)
  A worm (D:4)
  4 orcs (Bailey)
  5 ball pythons
  2 bats
  5 endoplasms
  2 giant cockroaches
  A goblin (D:1)
  A hobgoblin (D:2)
  4 jackals (D:3)
  9 kobolds
  5 frilled lizards
  A rat (D:1)
63 creatures vanquished.

Vanquished Creatures (collateral kills)
  A shadow imp (D:6)
  2 orcs (D:5)
  A kobold (D:5)
  A ball python (Sewer)
5 creatures vanquished.

Vanquished Creatures (others)
  4 orc zombies
  An orc (D:5)
  4 gnoll zombies (D:5)
  2 kobold zombies (D:5)
11 creatures vanquished.

Grand Total: 79 creatures vanquished

Notes
Turn   | Place    | Note
-------+----------+-------------------------------------------
     0 | D:1      | Colgate the Meteoran Necromancer began the quest for the
                  | Orb.
     0 | D:1      | Reached XP level 1. HP: 14/14 MP: 5/5
   112 | D:1      | Reached skill level 3 in Spellcasting
   115 | D:1      | Reached XP level 2. HP: 18/20 MP: 7/7
   212 | D:2      | Reached skill level 4 in Spellcasting
   212 | D:2      | Reached XP level 3. HP: 11/26 MP: 9/9
   218 | D:2      | Learned a level 3 spell: Vampiric Draining
   332 | D:4      | Noticed a lemure
   332 | D:4      | Noticed a lemure
   534 | D:3      | Noticed Ijyb
   540 | D:3      | Paralysed by Ijyb for 4 turns
   545 | D:3      | Killed Ijyb
   546 | D:3      | Reached skill level 5 in Spellcasting
   546 | D:3      | Reached XP level 4. HP: 28/33 MP: 12/12
   785 | D:4      | Found a glowing drain.
   795 | Sewer    | Entered a sewer
   813 | Sewer    | Learned a level 4 spell: Animate Dead
   829 | Sewer    | Reached XP level 5. HP: 7/38 MP: 9/13
   849 | Sewer    | Reached skill level 5 in Necromancy
  1121 | D:5      | Entered Level 5 of the Dungeon
  1121 | D:5      | Noticed a black bear
  1129 | D:5      | Killed a black bear
  1130 | D:5      | Reached skill level 6 in Spellcasting
  1130 | D:5      | Reached XP level 6. HP: 40/50 MP: 16/16
  1147 | D:5      | Noticed a centaur
  1148 | D:5      | Reached skill level 7 in Spellcasting
  1148 | D:5      | Reached XP level 7. HP: 54/56 MP: 17/18
  1172 | D:4      | Found Anich's Antique Armour Boutique.
  1247 | D:5      | Reached skill level 8 in Spellcasting
  1281 | D:6      | Noticed a steam dragon
  1286 | D:6      | Found a runed translucent gate.
  1286 | D:6      | Noticed nujazz's ghost (novice HOFi)
  1288 | D:6      | Found a runed translucent gate.
  1289 | D:6      | Identified the +0 plate armour of Eneblul {Int+6}
  1294 | D:6      | Killed a steam dragon
  1295 | D:6      | Reached XP level 8. HP: 33/62 MP: 15/21
  1295 | D:6      | Found a runed translucent gate.
  1335 | D:6      | Reached skill level 9 in Spellcasting
  1473 | D:7      | Noticed a steam dragon
  1482 | D:7      | Killed a steam dragon
  1567 | D:7      | Reached skill level 5 in Fighting
  1601 | D:7      | Found Ipos's General Store.
  1613 | D:7      | Bought a scroll of blinking for 82 gold pieces
  1701 | D:8      | Noticed Amaemon
  1701 | D:8      | Noticed an orange demon
  1701 | D:8      | Noticed a steam dragon
  1702 | D:8      | Noticed Psyche
  1732 | D:7      | Found a flagged portal.
  1741 | Bailey   | Entered a bailey
  1785 | Bailey   | HP: 3/70 [orc warrior/bolt (14)]
  1786 | Bailey   | Shot with a bolt by an orc

Illustrated notes

Levels and vault maps discovered:
D:1:      matt_arrival_refuge, layout_rooms
D:2:      layout_loops_ring, serial_co_window_serial, co_window_corner_a,
          co_window_paths_b, co_window_corner_a, co_window_paths_b,
          co_window_paths_a, co_window_of_opportunity_a, co_window_corner_b,
          co_window_paths_c, co_window_of_opportunity_b, co_window_broadway_c,
          glass_columns_c, glass_columns_a, uniq_natasha
D:3:      layout_loops_cross, ebering_dispersal_statue_hall, uniq_terence,
          uniq_ijyb
D:4:      layout_basic, zin_treasury, serial_shops, shop,
          cheibrodos_sewer_entry_drain, minmay_misc_feat_enclosed, uniq_pikel
D:5:      layout_basic
D:6:      layout_loops_corners, eat_drink_and_be_merry_uskayaw,
          biasface_ghost_orc_armoury, chequers_jeans
D:7:      nicolae_whirlpool, layout_loops_ring, mainiacjoe_overflow_swirl,
          minmay_temple_entry_nine_rooms, enter_bailey_8, serial_shops,
          nicolae_lakefront_shop, nicolae_stop_n_shop_2, uniq_maggie
D:8:      layout_layer_cave, uniq_amaemon, uniq_psyche
Bailey:   bailey_polearm_2, bailey

Skill      XL: |  1  2  3  4  5  6  7  8 |
---------------+-------------------------+-----
Spellcasting   | 3 4 5 6 7 8 9 |  9.0
Necromancy     | 5 |  5.0
Fighting       | 2 5 |  5.7
Dodging        | |  2.4
Stealth        | |  1.4

Action                     |  1- 3 |  4- 6 |  7- 9 || total
---------------------------+-------+-------+-------++-------
  Melee: Unarmed           |     2 |       |       ||     2
         Falchion          |     6 |     8 |       ||    14
         Trident           |     3 |     7 |       ||    10
         Halberd           |       |       |    58 ||    58
   Fire: Arbalest          |       |       |     8 ||     8
   Cast: Necrotise         |    42 |    19 |    14 ||    75
         Vampiric Draining |     1 |    12 |    16 ||    29
         Animate Dead      |       |     3 |     5 ||     8
    Use: Scroll            |     1 |       |     6 ||     7
   Stab: Distracted        |       |     1 |       ||     1
 Armour: Robe              |     5 |    12 |    15 ||    32
         Steam dragon scal |       |       |     1 ||     1
  Dodge: Dodged            |    13 |    22 |    77 ||   112

Table legend: (Time is in decaauts)
 A = Elapsed time spent in this place.
 B = Non-inter-level travel time spent in this place.
 C = Inter-level travel time spent in this place.
 D = Time resting spent in this place.
 E = Time spent auto-exploring this place.
 F = Levels seen in this place.
 G = Mean time per level.
                   A        B        C        D        E       F      G
               +--------+--------+--------+--------+--------+-----+--------+
         Total |   1912 |   1867 |     45 |      2 |      0 |  10 |  191.2 |
       Dungeon |   1503 |   1458 |     45 |      2 |      0 |   8 |  187.9 |
         Sewer |    358 |    358 |      0 |      0 |      0 |   1 |  358.0 |
        Bailey |     50 |     50 |      0 |      0 |      0 |   1 |   50.0 |
               +--------+--------+--------+--------+--------+-----+--------+

Top non-repeatable levels by time:
   Sewer: 358 daAuts
     D:3: 276 daAuts
     D:7: 274 daAuts
     D:2: 254 daAuts
     D:6: 210 daAuts
     D:4: 174 daAuts
     D:1: 170 daAuts
     D:5: 141 daAuts
  Bailey: 50 daAuts
     D:8: 1 daAuts
